 Dungeon Sprint DCSS version 0.19.0-16-g73b5abf (webtiles) character file.

10300000 Groucho the Axe Maniac (level 27, -1/273 HPs)
             Began as a Hill Orc Monk on Nov 10, 2016.
             Was the Champion of Makhleb.
             Killed from afar by a dread (20 damage)
             ... with damnation
             ... in the Dungeon (Sprint VIII: "Arena of Blood").
             The game lasted 00:02:56 (103 turns).

Groucho the Axe Maniac (Hill Orc Monk)               Turns: 103, Time: 00:02:56

Health: -1/273     AC:  4    Str: 18    XL:     27
Magic:  24/54      EV: 36    Int: 10    God:    Makhleb [******]
Gold:   0          SH:  0    Dex: 22    Spells: 0 memorised, 80 levels left

rFire  . . .     SeeInvis .     j - +∞ Axe of Woe
rCold  . . .     Gourm    .     b - +0 robe
rNeg   . . .     Faith    .     (shield currently unavailable)
rPois  .         Spirit   .     (no helmet)
rElec  .         Reflect  .     (no cloak)
rCorr  .         Harm     .     (no gloves)
MR     ++...     NoTele   +     (no boots)
Stlth  +++++++++.               (no amulet)
                                (no ring)
                                (no ring)

@: no status effects
A: no striking features
a: Minor Destruction, Lesser Servant of Makhleb, Major Destruction, Greater
Servant of Makhleb, Renounce Religion


You were in the Dungeon.
You worshipped Makhleb.
Makhleb was exalted by your worship.
You were not hungry.

You visited 1 branch

Inventory:

Hand Weapons
 a - a +0 hand axe
 j - the +∞ Axe of Woe (weapon)
   (You found it in the Dungeon)
Armour
 b - a +0 robe (worn)
Scrolls
 i - a scroll of blinking
Potions
 d - a potion of curing
 e - a potion of heal wounds
 f - a potion of haste
 g - 2 potions of magic
 h - a potion of berserk rage
Comestibles
 c - a bread ration


   Skills:
 O Level 27 Fighting
 O Level 27 Axes
 O Level 27 Throwing
 O Level 27 Armour
 O Level 27 Dodging
 O Level 27 Stealth
 O Level 27 Unarmed Combat
 O Level 27 Spellcasting
 O Level 27 Invocations


You had 80 spell levels left.
You didn't know any spells.

Dungeon Overview and Level Annotations

Branches:
Dungeon (1/1)

Altars:
Makhleb


Message History

The large abomination disappears in a puff of smoke!
The tentacled monstrosity disappears in a puff of smoke!
The large abomination disappears in a puff of smoke!
Your life force feels restored.
The large abomination disappears in a puff of smoke! x3
The tyrant waves its bony arms in wide circles.
The air twists around and strikes you!
* * * LOW HITPOINT WARNING * * *
You hear a shout! x2
The eight-headed meat hydra calls on the powers of darkness!
The eight-headed meat hydra convulses!
The bag of meat convulses!
Your body is wracked with pain!
* * * LOW HITPOINT WARNING * * *
The bag of meat convulses! x6; The eight-headed meat hydra convulses!
The accursed points at you and mumbles some strange words.
Something smites you!
* * * LOW HITPOINT WARNING * * *
The dread throws damnation at you.
The sphere of damnation explodes!
The damnation engulfs you!
You die...

............
...........
...........
...D.X§...
#.§WxoX§# .
#.XXM.o.# X..
.###..xLozx###oz..
......###)))§.L...
...%§X_))@)xoDX..
..O#..)M)#).z....
#_.o)_#oo.....
...#..)))#ox.M..#
......._)))...o...
.%.%.W###)%.%%.{D.
.###.. ...###Mo..
#.. ...# .... #.
...%#


You could see 4 accurseds, a tentacled monstrosity, 2 tyrants, 3 eight-headed
meat hydras, 3 sculptors of flesh, 6 large abominations, 2 dreads, a meat
berserker (berserk), a small abomination, 11 bags of meat and 3 crawling
corpses.

Vanquished Creatures
  6 hell beasts (D)
  4 greater mummies (D)
  A great orb of eyes (D)
  4 wraiths (D)
  14 vampire knights (D)
  29 ogres (D)
  4 liches (D)
  2 hydras (D)
  79 orcs (D)
  2 phantoms (D)
  7 hill giants (D)
  4 skeletal warriors (D)
  10 large abominations (D)
  5 small abominations (D)
  8 crawling corpses (D)
179 creatures vanquished.

Vanquished Creatures (others)
  An ogre (D)
  3 crawling corpses (D)
4 creatures vanquished.

Grand Total: 183 creatures vanquished

Notes
Turn   | Place    | Note
-------+----------+-------------------------------------------
     0 | D        | Groucho the Hill Orc Monk began the quest for the Orb.
     0 | D        | Reached XP level 1. HP: 19/19 MP: 1/1
     2 | D        | Noticed a bag of meat
     2 | D        | Noticed a bag of meat
     3 | D        | Noticed a bag of meat
     3 | D        | Noticed a bag of meat
     4 | D        | Noticed a bag of meat
     4 | D        | Noticed a bag of meat
     5 | D        | Noticed a bag of meat
     5 | D        | Noticed a bag of meat
     6 | D        | Noticed a bag of meat
     6 | D        | Noticed a meat berserker
     6 | D        | Noticed a meat berserker
     7 | D        | Became a worshipper of Makhleb the Destroyer
     7 | D        | Reached * piety under Makhleb
     7 | D        | Reached ** piety under Makhleb
     9 | D        | Noticed a bag of meat
     9 | D        | Killed a bag of meat
     9 | D        | Reached skill level 15 in Fighting
     9 | D        | Reached XP level 2. HP: 49/49 MP: 1/11
     9 | D        | Reached XP level 3. HP: 56/56 MP: 1/12
     9 | D        | Reached XP level 4. HP: 63/63 MP: 1/14
     9 | D        | Reached XP level 5. HP: 70/70 MP: 1/15
     9 | D        | Reached XP level 6. HP: 78/78 MP: 1/17
     9 | D        | Reached XP level 7. HP: 84/84 MP: 1/18
     9 | D        | Reached XP level 8. HP: 92/92 MP: 1/20
     9 | D        | Reached XP level 9. HP: 100/100 MP: 1/21
     9 | D        | Reached XP level 10. HP: 107/107 MP: 1/22
     9 | D        | Reached XP level 11. HP: 114/114 MP: 1/23
     9 | D        | Reached XP level 12. HP: 122/122 MP: 1/24
    10 | D        | Killed a bag of meat
    10 | D        | Reached XP level 13. HP: 67/134 MP: 1/26
    10 | D        | Killed a meat berserker
    10 | D        | Reached skill level 27 in Axes
    10 | D        | Reached skill level 15 in Dodging
    10 | D        | Reached XP level 14. HP: 76/151 MP: 1/29
    10 | D        | Killed a bag of meat
    10 | D        | Reached *** piety under Makhleb
    10 | D        | Reached XP level 15. HP: 119/162 MP: 1/31
    11 | D        | Killed a meat berserker
    11 | D        | Reached skill level 27 in Invocations
    11 | D        | Reached XP level 16. HP: 132/179 MP: 1/33
    11 | D        | Reached skill level 27 in Fighting
    11 | D        | Reached **** piety under Makhleb
    12 | D        | Noticed a meat berserker
    12 | D        | Noticed a meat berserker
    13 | D        | Reached XP level 17. HP: 191/191 MP: 1/34
    15 | D        | Reached skill level 27 in Dodging
    15 | D        | Reached ***** piety under Makhleb
    15 | D        | Reached skill level 10 in Armour
    15 | D        | Reached skill level 10 in Unarmed Combat
    15 | D        | Reached XP level 18. HP: 200/200 MP: 2/35
    16 | D        | Killed a meat berserker
    16 | D        | Reached skill level 15 in Armour
    16 | D        | Reached skill level 15 in Unarmed Combat
    17 | D        | Killed a meat berserker
    17 | D        | Reached skill level 15 in Throwing
    17 | D        | Reached XP level 19. HP: 207/207 MP: 2/36
    19 | D        | Noticed a meat berserker
    21 | D        | Noticed a destroyer
    23 | D        | Noticed a meat berserker
    23 | D        | Reached skill level 15 in Spellcasting
    24 | D        | Killed a destroyer
    24 | D        | Reached XP level 20. HP: 153/216 MP: 4/41
    24 | D        | Killed a meat berserker
    25 | D        | Noticed a meat berserker
    25 | D        | Killed a meat berserker
    25 | D        | Reached XP level 21. HP: 224/224 MP: 4/45
    26 | D        | Reached skill level 27 in Armour
    26 | D        | Reached skill level 27 in Unarmed Combat
    27 | D        | Noticed a meat berserker
    27 | D        | Noticed a meat berserker
    28 | D        | Noticed a destroyer
    29 | D        | Noticed a destroyer
    30 | D        | Noticed a meat berserker
    30 | D        | Killed a meat berserker
    30 | D        | Reached skill level 27 in Throwing
    31 | D        | Reached XP level 22. HP: 233/233 MP: 5/52
    32 | D        | Noticed a destroyer
    32 | D        | Killed a destroyer
    32 | D        | Reached skill level 27 in Spellcasting
    32 | D        | Reached skill level 27 in Stealth
    32 | D        | Reached XP level 23. HP: 204/240 MP: 6/54
    35 | D        | Killed a destroyer
    35 | D        | Reached XP level 24. HP: 249/249 MP: 6/54
    36 | D        | Reached ****** piety under Makhleb
    36 | D        | Killed a destroyer
    37 | D        | Reached XP level 25. HP: 257/257 MP: 7/54
    41 | D        | Noticed a destroyer
    42 | D        | Reached XP level 26. HP: 228/266 MP: 8/54
    43 | D        | Noticed a destroyer
    44 | D        | Noticed a destroyer
    46 | D        | Noticed a destroyer
    46 | D        | Reached XP level 27. HP: 273/273 MP: 9/54
    47 | D        | Killed a destroyer
    49 | D        | Killed a destroyer
    50 | D        | Noticed a destroyer
    51 | D        | Noticed an accursed
    51 | D        | Killed a destroyer
    52 | D        | Killed a destroyer
    53 | D        | Killed a destroyer
    55 | D        | Noticed a tyrant
    57 | D        | Noticed a destroyer
    59 | D        | Noticed a destroyer
    60 | D        | Noticed a destroyer
    60 | D        | Killed a tyrant
    62 | D        | Killed a destroyer
    62 | D        | Killed an accursed
    64 | D        | Noticed a dread
    65 | D        | Noticed a destroyer
    66 | D        | Noticed a tyrant
    66 | D        | Killed a destroyer
    68 | D        | Noticed an accursed
    69 | D        | Killed a destroyer
    70 | D        | Noticed an accursed
    72 | D        | Noticed a dread
    72 | D        | Killed a dread
    73 | D        | Noticed a meat beast
    74 | D        | Killed a tyrant
    75 | D        | Noticed a tyrant
    75 | D        | Noticed a dread
    75 | D        | Noticed a meat beast
    75 | D        | Killed a destroyer
    76 | D        | Noticed a dread
    77 | D        | Killed a meat beast
    78 | D        | Killed a meat beast
    78 | D        | Killed a dread
    79 | D        | Noticed a destroyer
    80 | D        | Killed an accursed
    80 | D        | Killed a destroyer
    82 | D        | Noticed a tyrant
    82 | D        | Noticed a dread
    83 | D        | Killed a tyrant
    83 | D        | Killed a dread
    84 | D        | Noticed a meat beast
    84 | D        | Killed an accursed
    86 | D        | Noticed an accursed
    86 | D        | Noticed a meat beast
    87 | D        | Killed a meat beast
    89 | D        | Noticed a tyrant
    90 | D        | Noticed an accursed
    90 | D        | Noticed an accursed
    90 | D        | Killed a dread
    91 | D        | Noticed a meat beast
    91 | D        | Killed a meat beast
    92 | D        | Noticed an accursed
    94 | D        | Noticed a meat beast
    94 | D        | Noticed a dread
    94 | D        | Noticed an accursed
    96 | D        | Killed a meat beast
    97 | D        | Noticed a tyrant
    99 | D        | Killed a meat beast
   100 | D        | Killed an accursed
   100 | D        | HP: 3/273 [accursed/divine providence (16)]
   103 | D        | Killed a tyrant
   103 | D        | Killed from afar by a dread

Skill      XL: |  1  2  3  4  5  6  7  8  9 10 11 12 13 14 15 16 17 18 19 20 21 22 |
---------------+-------------------------------------------------------------------+-----
Fighting       | 15 17 21 22 25 27 | 27.0
Axes           | 22 25 27 | 27.0
Dodging        | 11 13 15 17 19 24 27 | 27.0
Invocations    | 16 18 22 24 27 | 27.0
Throwing       | 9 15 20 23 27 | 27.0
Armour         | 10 18 23 26 27 | 27.0
Unarmed Combat | 10 18 23 26 27 | 27.0
Spellcasting   | 7 13 17 20 26 27 | 27.0
Stealth        | 27 | 27.0

Action                   |  1- 3 |  4- 6 |  7- 9 | 10-12 | 13-15 | 16-18 | 19-21 | 22-24 | 25-27 || total
-------------------------+-------+-------+-------+-------+-------+-------+-------+-------+-------++-------
Melee: Executioner's axe |     1 |       |       |     1 |     1 |     4 |     7 |     5 |    59 ||    78
Invok: Greater Servant o |       |       |       |       |       |       |     4 |       |       ||     4
Dodge: Dodged            |       |       |       |     1 |       |       |     1 |       |     5 ||     7
